 Dungeon Crawl Stone Soup version 0.21.0-37-g46506fa (webtiles) character file.

0 Kurtz the Skirmisher (level 1, 0/16 HPs)
             Began as an Octopode Abyssal Knight on Jan 30, 2018.
             Was a Follower of Lugonu.
             Slain by an ufetubus (2 damage)
             ... summoned by a ynoxinul
             ... on level 2 of the Abyss.
             The game lasted 00:00:46 (188 turns).

Kurtz the Skirmisher (Octopode Abyssal Knight)       Turns: 188, Time: 00:00:46

Health: 0/16       AC:  1    Str: 11    XL:     1   Next: 0%
Magic:  2/2        EV: 13    Int: 14    God:    Lugonu [*.....]
Gold:   0          SH:  0    Dex: 11    Spells: 0/0 levels left

rFire    . . .     SeeInvis .   c - +0 hand axe (elec)
rCold    . . .     Gourm    .   (no shield)
rNeg     . . .     Faith    .   (helmet restricted)
rPois    .         Spirit   .   (no amulet)
rElec    .         Reflect  .   (no ring)
rCorr    .         Harm     .   (no ring)
MR       .....                  (no ring)
Stlth    ++........             (no ring)
HPRegen  0.05/turn              (no ring)
MPRegen  0.08/turn              (no ring)
                                (no ring)
                                (no ring)

@: no status effects
A: almost no armour, stealthy swim, amphibious, 8 rings, constrict 8, camouflage
1, gelatinous body 1
a: Depart the Abyss, Renounce Religion


You were on level 2 of the Abyss.
You worshipped Lugonu.
Lugonu was aware of your devotion.
You were not hungry.

You visited 0 branches of the dungeon, and saw 0 of its levels.
You visited the Abyss 1 time.

Inventory:

Hand Weapons
 a - a +1 spear
 c - a +0 hand axe of electrocution (weapon)
Scrolls
 d - a scroll of teleportation {unknown}
Comestibles
 b - a ration


   Skills:
 - Level 3.0 Fighting
 - Level 2.0 Polearms
 - Level 2.3 Dodging
 - Level 2.0 Invocations


You couldn't memorise any spells.
You didn't know any spells.

Dungeon Overview and Level Annotations

Branches:
Dungeon (0/15)

Altars:


Innate Abilities, Weirdness & Mutations

You cannot wear most types of armour.
You are very stealthy in the water. (Stealth+)
You are amphibious.
You can wear up to eight rings at the same time.
You can use your tentacles to constrict eight enemies at once.
Your skin changes colour to match your surroundings (Stealth+).
Your rubbery body absorbs attacks. (AC +1, EV +1)


Message History

The spatial vortex moves out of view.
A spatial vortex comes into view.
A spatial vortex comes into view.
Unknown command.
You closely miss the ufetubus. Your grab misses the ufetubus.
Your squeeze misses the ufetubus. The ufetubus hits you.
The ufetubus barely misses you.
The spatial vortex moves out of view.
The ufetubus hits you. The ufetubus misses you.
You barely miss the ufetubus. You grab the ufetubus.
You closely miss the ufetubus. You constrict the ufetubus.
The ufetubus hits you. The ufetubus barely misses you. The ufetubus misses you.
The ufetubus closely misses you. The ufetubus barely misses you. x3
The ufetubus hits you.
Unknown command.
You barely miss the ufetubus.
The ufetubus is moderately wounded.
You hit the ufetubus. You constrict the ufetubus. The ufetubus hits you.
* * * LOW HITPOINT WARNING * * *
The ufetubus hits you.
You die...

...#.#.. §# .#..
.. .# ..#.. . .##
.#. .#.##. ..#...
.. #5##.#...# ##
.#$33.####...#.#
##§##......##.. .
#..#..#..##.####
....#..#.5.##.#5@#
....##.##..5.#.5.#
##. ####.#.##.v###
# #.####.#..# .#
#. ....#. .. ##
#..###v.... ..##
##v... ... #.## ..
..


You could see a spatial vortex and 2 ufetubi.

Vanquished Creatures (others)
  7 starspawn tentacles (Abyss:1)
7 creatures vanquished.

Notes
Turn   | Place    | Note
-------+----------+-------------------------------------------
     0 | Abyss:1  | Kurtz the Octopode Abyssal Knight began the quest for the Orb.
     0 | Abyss:1  | Reached XP level 1. HP: 16/16 MP: 2/2
    68 | Abyss:1  | Noticed a small abomination
    82 | Abyss:1  | Noticed a tentacled starspawn
    93 | Abyss:1  | Noticed a ynoxinul
   108 | Abyss:1  | Noticed a worldbinder
   136 | Abyss:2  | Noticed an orange demon
   158 | Abyss:2  | Noticed a ynoxinul
   181 | Abyss:2  | Noticed a spatial vortex
   182 | Abyss:2  | Noticed a spatial vortex
   183 | Abyss:2  | Noticed a spatial vortex
   184 | Abyss:2  | Noticed a spatial vortex
   186 | Abyss:2  | Noticed a spatial vortex
   188 | Abyss:2  | Slain by an ufetubus

Action                   || total
-------------------------++-------
Melee: Hand axe          ||     5
       Constrict         ||     2
       Spear             ||     1
  Use: Potion            ||     1
Dodge: Dodged            ||    11
